Cogmind - Beta 14 --- EXPLORER MODE // 2024.11.23 @ 23:42:16 Player: Analote Result: Self-destructed Performance ------------- Evolutions (3) 1500 Regions Visited (6) 1200 Robots Destroyed (14) 70 Value Destroyed (524) 524 Prototype IDs (3) 60 Alien Tech Used (0) 0 Bonus (300) 300 TOTAL SCORE: 3654 Bonus ------- Aligned with FarCom 300 Cogmind --------- Core Integrity 700/700 Matter 238/300 Energy 300/300 System Corruption 0% Temperature Cool (0) Movement Walking (263) Ox2 Location -7/Factory Parts ------- > --- POWER (2) -------- Nuclear Core Light Nuclear Core > --- PROPULSION (3) --- Aluminum Leg Improved Aluminum Leg Titanium Leg > --- UTILITY (6) ------ Trap Scanner Improved Terrain Scanner Medium Insulated Plating > --- WEAPON (3) ------- AWS/Autocannon > --- INVENTORY (5) ---- Light Nuclear Core Micro Nuclear Core High-powered Shotgun Missile Launcher Peak State ------------ > --- POWER ------------ Nuclear Core Light Nuclear Core > --- PROPULSION ------- Aluminum Leg Improved Aluminum Leg Titanium Leg > --- UTILITY ---------- Trap Scanner Improved Terrain Scanner Medium Insulated Plating > --- WEAPON ----------- AWS/Autocannon > --- INVENTORY -------- Light Nuclear Core Micro Nuclear Core High-powered Shotgun Missile Launcher [Rating: 53] Favorites ----------- Power Light Ion Engine Engine Light Ion Engine Power Core Nuclear Core Propulsion Light Treads Treads Light Treads Leg Titanium Leg Utility Utility Shielding Device Trap Scanner Storage Medium Storage Unit Processor Signal Interpreter Protection Utility Shielding Weapon Medium Laser Energy Gun Medium Laser Ballistic Cannon AWS/Autocannon Build | -11 -10 -10 -10 -9 -8 -7 ------- Run | Yrd Mat Min Exi Min Mat Fac Slots Evolved 7 | . 1 . . . 4 2 Power 1 | . . . . . 1 . Propulsion 1 | . . . . . 1 . Utility 4 | . 1 . . . 1 2 Weapon 1 | . . . . . 1 . Parts Attached 20 | 7 1 . . 2 9 1 Power 3 | 1 . . . . 2 . Engine 1 | 1 . . . . . . Core 2 | . . . . . 2 . Reactor . | . . . . . . . Propulsion 6 | 2 . . . . 4 . Treads 2 | 2 . . . . . . Leg 4 | . . . . . 4 . Wheel . | . . . . . . . Hover . | . . . . . . . Flight . | . . . . . . . Utility 6 | 2 1 . . . 2 1 Device 2 | . . . . . 2 . Storage 1 | . 1 . . . . . Processor 1 | 1 . . . . . . Hackware . | . . . . . . . Protection 2 | 1 . . . . . 1 Artifact . | . . . . . . . Weapon 5 | 2 . . . 2 1 . Energy Gun 4 | 2 . . . 2 . . Energy Cannon . | . . . . . . . Ballistic Gun . | . . . . . . . Ballistic Cannon 1 | . . . . . 1 . Launcher . | . . . . . . . Special Weapon . | . . . . . . . Impact Weapon . | . . . . . . . Slashing Weapon . | . . . . . . . Piercing Weapon . | . . . . . . . Special Melee Weapon . | . . . . . . . Unidentified Prototypes 1 | . . . . . 1 . Parts Lost 2 | . . . . 2 . . Power 1 | . . . . 1 . . Propulsion 1 | . . . . 1 . . Utility . | . . . . . . . Weapon . | . . . . . . . Highest Loss Streak 2 | . . . . 2 . . To Critical Strikes . | . . . . . . . Average Slot Usage (%) 71 | . 100 100 76 17 50 63 Engine 8 | . 12 12 12 2 . . Core 2 | . . . . . 9 14 Treads 18 | . 25 25 25 5 . . Leg 5 | . . . . . 22 21 Device 2 | . . . . . 10 14 Storage 8 | . 12 12 12 2 . . Processor 8 | . 12 12 12 2 . . Protection 9 | . 12 12 12 2 . 6 Energy Gun 4 | . 25 25 1 2 . . Ballistic Cannon 1 | . . . . . 6 7 Peak Build Rating 53 | 7 8 8 9 11 48 53 Average Rating 14 | 5 8 8 6 4 40 52 On Entrance 11 | . 7 8 8 9 3 48 Naked Turns 139 | . . . . 124 15 . Heaviest Build 82 | 8 18 18 18 18 75 82 Greatest Support 40 | 40 40 40 40 40 40 40 Greatest Overweight (x) 2 | 1 . . . . 2 2 Average Overweight (x) . | . . . . . . 1 Largest Inventory Capacity 10 | 5 10 10 10 10 5 5 Average Capacity 8 | 5 10 10 10 5 5 5 Most Carried 5 | 2 . . 5 5 5 4 Average Carried 1 | . . . 2 3 . 3 Final Capacity 10 | 5 10 10 10 5 5 5 Final Carried 5 | 1 . . 5 3 1 4 Class Distribution -------------------- 79% | Hacker-Mutant 20% | Hacker-Skirmisher Dominant Class ---------------- Hacker-Mutant | -10/Materials Hacker-Mutant | -10/Mines Hacker-Mutant | -10/Exiles Hacker-Mutant | -9/Mines Hacker-Skirmisher | -8/Materials Hacker-Skirmisher | -7/Factory Resources | -11 -10 -10 -10 -9 -8 -7 ----------- Run | Yrd Mat Min Exi Min Mat Fac Matter Collected 351 | 270 10 . . . 71 . Remotely . | . . . . . . . Salvage Created 442 | . 86 . . 30 326 . Parts 30 | . 8 . . . 22 . Haulers Intercepted . | . . . . . . . Recyclers Shooed . | . . . . . . . Parts Field Recycled . | . . . . . . . Retrieved Matter . | . . . . . . . Parts Self-Destructed . | . . . . . . . Prevented . | . . . . . . . Kills | -11 -10 -10 -10 -9 -8 -7 ------- Run | Yrd Mat Min Exi Min Mat Fac Combat Hostiles Destroyed 12 | . 2 . . 2 8 . Guns 4 | . 2 . . 2 . . Cannons 8 | . . . . . 8 . Classes Destroyed 6 | . 2 . . 1 3 . Builder 1 | . . . . . 1 . Watcher 3 | . 1 . . . 2 . Grunt 6 | . 2 . . . 4 . Duelist 2 | . . . . . 2 . Sentry 2 | . . . . . 2 . Assembled 2 | . . . . 2 . . Best Kill Streak 3 | . 3 . . 2 3 . Combat Bots Only 2 | . 2 . . 2 2 . Max Kills in Single Turn 1 | . 1 . . 1 1 . Gunslinging . | . . . . . . . Exploded . | . . . . . . . Melee . | . . . . . . . Uniques/NPCs Destroyed . | . . . . . . . Combat | -11 -10 -10 -10 -9 -8 -7 -------- Run | Yrd Mat Min Exi Min Mat Fac Hostile Shots Fired 111 | . 3 . . 95 13 . Missed 37 | . . . . 32 5 . Damage Taken 722 | . 20 . . 629 73 . Core 193 | . . . . 185 8 . Absorbed by Shields . | . . . . . . . Redirected to Shielding 19 | . . . . 19 . . Ignored by Resistances 438 | . 13 . . 379 46 . Core Remaining (%) 74 | 100 . . . 26 98 . Volleys Fired 8 | . 4 . . 4 . . Largest 2 | . 2 . . 2 . . Hottest 100 | . 100 . . 100 . . Shots Fired 38 | . 8 . . 8 21 1 Gun 16 | . 8 . . 8 . . Cannon 22 | . . . . . 21 1 Launcher . | . . . . . . . Special . | . . . . . . . Kinetic 22 | . . . . . 21 1 Thermal 16 | . 8 . . 8 . . Explosive . | . . . . . . . Electromagnetic . | . . . . . . . Robot Hit Streak 11 | . 7 . . 9 10 11 Robot Miss Streak 1 | . . . . 1 1 . Penetration Max . | . . . . . . . Secondary Targets 1 | . 1 . . . . . Max Gunslinging Chain 1 | . 1 . . . . . Autonomous 22 | . . . . . 21 1 Shots Hit Robots 32 | . 7 . . 6 18 1 Core Hits 22 | . 5 . . 6 11 . Critical Kills . | . . . . . . . Critical Parts Destroyed . | . . . . . . . Critical Strikes 3 | . . . . 1 2 . Burn 1 | . . . . 1 . . Blast 2 | . . . . . 2 . Melee Attacks . | . . . . . . . Impact . | . . . . . . . Slashing . | . . . . . . . Piercing . | . . . . . . . Sneak Attacks . | . . . . . . . Combat Hostiles . | . . . . . . . Follow-up Attacks . | . . . . . . . Damage Inflicted 1874 | . 88 . . 98 1598 90 Guns 174 | . 88 . . 86 . . Cannons 1548 | . . . . . 1458 90 Explosions 140 | . . . . . 140 . Melee . | . . . . . . . Ramming 12 | . . . . 12 . . Kinetic 1548 | . . . . . 1458 90 Thermal 174 | . 88 . . 86 . . Explosive . | . . . . . . . Electromagnetic 140 | . . . . . 140 . Impact . | . . . . . . . Slashing . | . . . . . . . Piercing . | . . . . . . . Highest Corruption 3 | . 2 2 2 3 . . Average Corruption 2 | . 1 2 2 2 . . Corruption Purged . | . . . . . . . Corruption Blocked . | . . . . . . . Effects 23 | . 2 2 14 5 . . Message Errors 5 | . . 1 3 1 . . Matter Fused 5 | . . 1 4 . . . Heat Flow Errors 4 | . 1 . 1 2 . . Energy Discharges 3 | . 1 . 1 1 . . Parts Fused 3 | . . . 3 . . . Data Loss (minor) 2 | . . . 1 1 . . Alerts 1 | . . . 1 . . . Overload Shots . | . . . . . . . Overflow Damage 285 | . . . . . 245 40 Projectiles 285 | . . . . . 245 40 Explosions . | . . . . . . . Melee . | . . . . . . . Knockbacks 1 | . . . . . 1 . Impact . | . . . . . . . Kinetic 1 | . . . . . 1 . Secondary . | . . . . . . . Self-Inflicted Damage 5 | . . . . 5 . . Shots . | . . . . . . . Rammed 4 | . . . . 4 . . Targets Rammed 4 | . . . . 4 . . Kicked . | . . . . . . . Crushed . | . . . . . . . Highest Temperature 282 | . 282 . 135 261 . . Average Temperature 112 | . 109 . 69 124 . . Received Heat Transfer 203 | . 18 . . 140 45 . Siege Activations . | . . . . . . . Robots Corrupted . | . . . . . . . Combat Hostiles . | . . . . . . . Parts Fried . | . . . . . . . Impact Corruptions . | . . . . . . . Robots Melted . | . . . . . . . Combat Hostiles . | . . . . . . . Parts Melted 1 | . 1 . . . . . Heat Transferred 592 | . 259 . . 333 . . Parts Sabotaged . | . . . . . . . Parts Stolen . | . . . . . . . Parts Stripped . | . . . . . . . Power Chain Reactions . | . . . . . . . Alert | -11 -10 -10 -10 -9 -8 -7 ------- Run | Yrd Mat Min Exi Min Mat Fac Peak Influence 281 | . 65 17 . 15 281 107 Initial 92 | . . 17 . . 3 92 Average 56 | . 29 17 . . 99 98 Maximum Alert Level 1 | . . . . . 1 . Low Security (%) 94 | 100 100 100 . 100 83 100 Level 1 5 | . . . . . 16 . Level 2 . | . . . . . . . Level 3 . | . . . . . . . Level 4 . | . . . . . . . Level 5 . | . . . . . . . High Security . | . . . . . . . Max Security . | . . . . . . . Squads Dispatched 3 | . 1 . . . 1 1 Investigation 1 | . 1 . . . . . Extermination . | . . . . . . . Reinforcement 2 | . . . . . 1 1 Assault . | . . . . . . . Garrison . | . . . . . . . Intercept . | . . . . . . . Searches Triggered . | . . . . . . . Construction Impeded . | . . . . . . . Haulers Reinforced . | . . . . . . . Active Scanning Responses . | . . . . . . . Cargo Convoy Interrupts . | . . . . . . . Stealth | -11 -10 -10 -10 -9 -8 -7 --------- Run | Yrd Mat Min Exi Min Mat Fac Distress Signals 1 | . 1 . . . . . Communications Jammed . | . . . . . . . Distress Signals . | . . . . . . . Times Spotted 38 | . 3 . . 25 10 . Peak Tracking Total 20 | . 3 . . 20 2 1 Tactical Retreats 5 | . . . . 5 . . Traps | -11 -10 -10 -10 -9 -8 -7 ------- Run | Yrd Mat Min Exi Min Mat Fac Traps Triggered 5 | . 2 . . . 2 1 Indirectly 1 | . . . . . 1 . Trap Hack Attempts . | . . . . . . . Triggered . | . . . . . . . Disarmed 5 | . . . . . 5 . Reprogrammed . | . . . . . . . Reused . | . . . . . . . Traps Extracted . | . . . . . . . Installed . | . . . . . . . Triggered . | . . . . . . . Machines | -11 -10 -10 -10 -9 -8 -7 ---------- Run | Yrd Mat Min Exi Min Mat Fac Machines Disabled 1 | . . . . . 1 . Max in Single Turn 1 | . . . . . 1 . Machines Repaired . | . . . . . . . Machines Dismantled . | . . . . . . . Machines Sabotaged . | . . . . . . . Overloaded Fab Kills . | . . . . . . . Hacking | -11 -10 -10 -10 -9 -8 -7 --------- Run | Yrd Mat Min Exi Min Mat Fac Machines Accessed 4 | . 2 . 1 . 1 . Terminals 3 | . 2 . . . 1 . Fabricators . | . . . . . . . Repair Stations . | . . . . . . . Recycling Units . | . . . . . . . Scanalyzers . | . . . . . . . Garrison Access . | . . . . . . . Total Hacks 18 | . 7 . 9 . 2 . Successful 14 | . 3 . 9 . 2 . Failed 4 | . 4 . . . . . Catastrophic . | . . . . . . . Database Lockouts . | . . . . . . . Manual 1 | . . . 1 . . . Terminals 9 | . 7 . . . 2 . Fabricators . | . . . . . . . Repair Stations . | . . . . . . . Recycling Units . | . . . . . . . Scanalyzers . | . . . . . . . Garrison Access . | . . . . . . . Terminal Hacks 14 | . 3 . 9 . 2 . Record 9 | . . . 9 . . . Prototype ID Bank 1 | . 1 . . . . . Locate Traps 2 | . 1 . . . 1 . Disarm Traps 1 | . . . . . 1 . Zone Layout 1 | . 1 . . . . . Fabricator Hacks . | . . . . . . . Repair Station Hacks . | . . . . . . . Recycling Unit Hacks . | . . . . . . . Scanalyzer . | . . . . . . . Garrison Access Hacks . | . . . . . . . Unauthorized Hacks . | . . . . . . . Terminals . | . . . . . . . Fabricators . | . . . . . . . Repair Stations . | . . . . . . . Recycling Units . | . . . . . . . Scanalyzers . | . . . . . . . Garrison Access . | . . . . . . . Data Cores Recovered . | . . . . . . . Used . | . . . . . . . Hacking Detections 1 | . 1 . . . . . Full Trace Events 1 | . 1 . . . . . Feedback Events . | . . . . . . . Feedback Blocked . | . . . . . . . Robot Schematics Acquired . | . . . . . . . Robots Built . | . . . . . . . Authchips . | . . . . . . . Time . | . . . . . . . Total Robot Build Rating . | . . . . . . . Part Schematics Acquired . | . . . . . . . Parts Built . | . . . . . . . Authchips . | . . . . . . . Time . | . . . . . . . Total Part Build Rating . | . . . . . . . Parts Repaired . | . . . . . . . Time . | . . . . . . . Parts Recycled . | . . . . . . . Recycled Matter . | . . . . . . . Retrieved Matter . | . . . . . . . Retrieved Components . | . . . . . . . Parts Scanalyzed . | . . . . . . . Part Schematics Acquired . | . . . . . . . Parts Damaged . | . . . . . . . Bothacking | -11 -10 -10 -10 -9 -8 -7 ------------ Run | Yrd Mat Min Exi Min Mat Fac Used RIF Installer . | . . . . . . . Robots Hacked . | . . . . . . . Non-combat . | . . . . . . . Combat . | . . . . . . . Robot Hacks Applied . | . . . . . . . Relay Couplers Released . | . . . . . . . Fabnet Peak Effective % . | . . . . . . . Robots Rewired . | . . . . . . . Allies Hacked . | . . . . . . . Hacks Repelled . | . . . . . . . Allies | -11 -10 -10 -10 -9 -8 -7 -------- Run | Yrd Mat Min Exi Min Mat Fac Total Allies 3 | . . . . . . 3 Largest Group 3 | . . . . . . 3 Highest-Rated Group 93 | . . . . . . 93 Highest-Rated Ally 31 | . . . . . . 31 Total Orders . | . . . . . . . Ally Attacks . | . . . . . . . Total Damage . | . . . . . . . Kills . | . . . . . . . Allies Corrupted . | . . . . . . . Allies Melted . | . . . . . . . Intel | -11 -10 -10 -10 -9 -8 -7 ------- Run | Yrd Mat Min Exi Min Mat Fac Robot Analysis Total . | . . . . . . . Derelict Logs Recovered . | . . . . . . . Drone Launches . | . . . . . . . Drone Recoveries . | . . . . . . . Exploration | -11 -10 -10 -10 -9 -8 -7 ------------- Run | Yrd Mat Min Exi Min Mat Fac Turns Passed 2601 | 84 151 181 1459 153 368 205 Spaces Moved 1681 | 51 85 114 911 248 192 80 Core 275 | 11 . . . 239 25 . Treads 1159 | 40 85 114 911 9 . . Legs 247 | . . . . . 167 80 Wheels . | . . . . . . . Hover . | . . . . . . . Flight . | . . . . . . . Fastest Speed 50 | 50 160 160 160 50 50 193 Average Speed 149 | 137 160 160 160 53 171 249 Slowest Speed 265 | 160 160 160 160 160 265 263 Overloaded Moves . | . . . . . . . Propulsion Burnouts . | . . . . . . . Robots Hopped . | . . . . . . . Cave-ins Triggered . | . . . . . . . Exploration Rate (%) 38 | 3 22 42 91 77 28 3 Regions Visited 6 Branch Regions 3 Pre-discovered Areas . | . . . . . . . Known Exits Taken 6 | 1 1 1 1 1 1 . Unknown Exits Taken . | . . . . . . . Scrap Searched 1 | . . . . 1 . . Spaces Dug . | . . . . . . . Terrain Destroyed . | . . . . . . . Melee . | . . . . . . . Projectile . | . . . . . . . AOE . | . . . . . . . Terrain Rammed . | . . . . . . . Walls Destroyed . | . . . . . . . Machines Disabled . | . . . . . . . Actions | -11 -10 -10 -10 -9 -8 -7 --------- Run | Yrd Mat Min Exi Min Mat Fac Total 1759 | 65 92 113 914 258 232 85 Wait 27 | . 3 . . 1 23 . Move 1675 | 50 84 113 910 247 191 80 Hop . | . . . . . . . Pick Up 22 | 8 . . 1 . 9 4 Fast Attach . | . . . . . . . Attach 20 | 7 1 . . 2 9 1 Detach 2 | . . . 2 . . . Swap . | . . . . . . . Drop . | . . . . . . . Fire 8 | . 4 . . 4 . . Melee . | . . . . . . . Ram 4 | . . . . 4 . . Kick . | . . . . . . . Crush . | . . . . . . . Escape Stasis . | . . . . . . . Rewire 1 | . . . 1 . . . Trap . | . . . . . . . Miscellaneous . | . . . . . . . Route ------- -11/Scrapyard -10/Materials -10/Mines (discovered 2 exits: *Mat / *Exi) -10/Exiles -9/Mines -8/Materials -7/Factory History --------- Turn | Location | Event 7 | -11/Scrapyard | Identified exit to Materials 7 | -11/Scrapyard | Discovered exit to Materials (range 15) 85 | -11/Scrapyard | Entered Materials 85 | -10/Materials | Evolved 1 slot: Utility x1 212 | -10/Materials | Identified exit to Mines 212 | -10/Materials | Discovered exit to Mines (range 16) 236 | -10/Materials | Entered Mines 251 | -10/Mines | Met a Derelict bent on vengeance 315 | -10/Mines | Build established: Hacker-Mutant 382 | -10/Mines | Identified exit to Materials 382 | -10/Mines | Discovered exit to Materials (range 5) 411 | -10/Mines | Deemed a non-threat by the Exiles lab entrance 411 | -10/Mines | Identified exit to Exiles 411 | -10/Mines | Discovered exit to Exiles (range 5) 417 | -10/Mines | Entered Exiles 456 | -10/Exiles | Met 8R-AWN 481 | -10/Exiles | Met EX-HEX 537 | -10/Exiles | Met EX-BIN 684 | -10/Exiles | Met EX-DEC 738 | -10/Exiles | Visited The Gauntlet 1130 | -10/Exiles | Identified exit to Mines 1130 | -10/Exiles | Discovered exit to Mines (range 14) 1658 | -10/Exiles | Aligned with FarCom system 1659 | -10/Exiles | Given EX-Vault access code 1701 | -10/Exiles | Opened EX-Vault 1711 | -10/Exiles | Found Prototype Ballistic Cannon 1748 | -10/Exiles | Warned to stay clear of 0b10 Research branches 1767 | -10/Exiles | Exiles lab attacked by MAIN.C 1876 | -10/Exiles | Left Exiles lab with AWS/Autocannon 1876 | -10/Exiles | Entered Mines 1877 | -9/Mines | Assembled infested the area 1905 | -9/Mines | Core integrity fell below 50% 1905 | -9/Mines | Released all parts (6) 2022 | -9/Mines | Identified exit to Materials 2022 | -9/Mines | Discovered exit to Materials (range 14) 2029 | -9/Mines | Entered Materials 2029 | -8/Materials | Evolved 4 slots: Power x1, Propulsion x1, Utility x1, Weapon x1 2072 | -8/Materials | Identified AWS/Autocannon 2368 | -8/Materials | Identified exit to Factory 2368 | -8/Materials | Discovered exit to Factory (range 16) 2373 | -8/Materials | Build established: Hacker-Skirmisher 2397 | -8/Materials | Entered Factory 2397 | -7/Factory | Evolved 2 slots: Utility x2 2576 | -7/Factory | Allied Derelicts emerged from ambush trap array 2602 | -7/Factory | Self-destructed Last Messages --------------- 02457_ Acquired Mic. Nuclear Core. 02511_ Destroyed Lgt. Deuterium Engine. 02511_ Destroyed Imp. Hover Unit. 02516_ ALERT: Hostiles spotted, dispatching reinforcements to Terminal F019. 02535_ K-01 Serf cleans the Matter Pump. 02542_ K-01 Serf collects debris. 02576_ Triggered Ambush Trap. 02576_ 5G-6YR(g) emerges from a hatch in the floor. 02576_ C7-C2I(g) emerges from a hatch in the floor. 02576_ J8-KFB(g) emerges from a hatch in the floor. 02578_ 5G-6YR(g): "We were hacked into the system waiting for the right moment to spring our attack, but seeing as you've already triggered the mechanism and given away our position, let's roll with it." 02602_ Connecting with Terminal... Map ----- +----------------------------------------------------+ | ?????????????????????????????????????????????????? | | ?????????????????????????????????????????????????? | | ?????????????????????????????????????????????????? | | ?????????????????????????????????????????????????? | | ?????????????????????????????????????????????????? | | ?????????????????????????????????????????????????? | | ?????????????????????????????????????????????????? | | ?????????????????????????????????????????????????? | | ?????????????????????????????????????????????????? | | ?????????????????????????????????????????????????? | | ?????????????????????????????????????????????????? | | ?????????????????????????????????????????????????? | | ?????????????????????????????????????????????????? | | ?????????????????????????????????????????????????? | | ????????????????????????#????????????????????????? | | ??????????????????"??????????????????????????????? | | ???????????????????????????###???????????????????? | | ???????????????????????????T"#???????????????????? | | ??????????????#?????????#?# "###?????????????????? | | ????????????#????????????? #?????????????????? | | ????#??#????# ##+######### #?????????????????? | | ???#??????#?? = +?????????????????? | | ?????##????????# #?????????????????? | | ??##???????#???# !! g"" #?????????????????? | | ?????????????#?# !g """ #??????????????????? | | ?????#?????????# !!g @T" #??????????????????? | | ???????????#???# """ !#?????#????????????? | | ???????????????# """ "" #?? ???????????????? | | ??############## """ #??????????????????? | | ??# # o """ | #??????????????????? | | ??# #% ###????????????????? | | ??# # #?? ???????????????? | | ??# # #### #??????????????????? | | ??# [ # #??# #??????????????????? | | ??# % # #??# #?#????????????????? | | #?# #g ##?# #??????????????????? | | ??# # #??? #??????????????????? | | ??# # #??? #??????????????????? | | ??# # #??? #??????????????????? | | ??# # #??? ?????????????????????? | | ??# # g ##?? ??????????????????????? | | ??#######+###### #?????????#??????????????????? | | ?????# #?# #????????????????????????????? | | ?????# #?# #???? ???????????????????????? | | ???#?# #?# #???? ????? "????????????????? | | ?????# #?# #??#?????????????????????????? | | ????## ###+##+####?????????????????????????? | | ?????### # #?????????????????????????? | | ???????# # #?????????????????????????? | | ?#???### # #?????????????????????????? | +----------------------------------------------------+ Best States ------------- Heat Dissipation 34 Energy Generation 23 Energy Capacity 300 Matter Stores 300 Matter Capacity 300 Sight Range 16 Terrain Scan Range 16 Terrain Scan Density 10 Armor Coverage 225 Resistance: KI 35 Resistance: TH 35 Resistance: EX 35 Resistance: EM 55 Resistance: I 35 Resistance: S 35 Resistance: P 35 Utility Shielding 33 Evasion (%) 50 Recoil Reduction 2 Offensive Hacking 20 Item Schematics ----------------- None Robot Schematics ------------------ None Fabricated ------------ Nothing Alien Tech Used ----------------- None Achievements -------------- None Challenges ------------ None Game ------ Seed ArchitectLightWartreads Manual? 0 Play Time 00:09:58 Cumulative 105.3 hours Start 2024.10.16 @ 11:33:14 End 2024.11.23 @ 23:42:16 Sessions 3 Manual Loads 0 Difficulty Explorer Special Mode None Game No. 131 Rogue 7 Adventurer 1 Explorer 123 Win Type - Total 4 Types 2/0/1/1/0/0/0/0/0 Lore% 49 Gallery% 64 Achievement% 69 Wizard Run 0 Options --------- Layout 1 ASCII 0 Keyboard 1 Movement Numpad Keybinds 0 Fullscreen 2 Font 24/Smallcaps Map View 50x35 Zoom Use 0% Tactical HUD 1 Map Filters NONE Filters NONE Steam 1 RUN: cb0b1711-28cd-41a7-96c3-aeb69924c9b5